 Dungeon Crawl Stone Soup version 0.25-a0-667-gb977e01cb5 (webtiles) character file.

Game seed: 7247471464882734065, levelgen mode: deterministic

41169 Gizmo the Fighter (level 14, -4/121 HPs)
             Began as a Human Wanderer on Mar 27, 2020.
             Was a High Priest of Sif Muna.
             Killed from afar by an efreet (13 damage)
             ... with a bolt of fire
             ... on level 10 of the Dungeon.
             The game lasted 01:29:57 (29521 turns).

Gizmo the Fighter (Human Wanderer)                 Turns: 29521, Time: 01:29:57

Health: -4/121     AC:  9    Str: 13    XL:     14   Next: 48%
Magic:  13/28      EV: 14    Int: 23    God:    Sif Muna [*****.]
Gold:   1611       SH:  5    Dex: 18    Spells: 10/33 levels left

rFire    + . .     SeeInvis .   a - +1 dagger (venom)
rCold    . . .     Gourm    .   I - +0 buckler
rNeg     . . .     Faith    +   D - +2 robe {Archmagi}
rPois    .         Spirit   .   q - +0 helmet
rElec    .         Reflect  .   E - +0 cloak
rCorr    .         Harm     .   B - +2 pair of gloves
MR       +....                  (no boots)
Stlth    ++........             d - amulet of Ytoyrph {Faith Int+3 Dex+4 Slay+3}
HPRegen  0.30/turn              O - +4 ring of intelligence
MPRegen  0.21/turn              x - ring of protection from fire

@: studying Polearms
A: no striking features
a: Channel Magic, Forget Spell, Divine Exegesis, Renounce Religion


You were on level 10 of the Dungeon.
You worshipped Sif Muna.
Sif Muna was extremely pleased with you.
You were not hungry.

You visited 3 branches of the dungeon, and saw 17 of its levels.
You also visited: Ice Cave.

You collected 1611 gold pieces.

Inventory:

Hand Weapons
 a - a +1 dagger of venom (weapon)
 b - a +1 whip of electrocution
 C - a +1 halberd of freezing
 G - the cursed +0 quarterstaff of the Endless March {venom, Str+2, unknown}
   (You found it on level 6 of the Lair of Beasts)

   It poisons the flesh of those it strikes.
   It affects your strength (+2).
   It has a curse placed upon it.
 V - a +2 spear of flaming
Missiles
 c - 341 stones (quivered)
 r - 65 poisoned darts
 s - 7 throwing nets
Armour
 q - a +0 helmet (worn)
 B - a +2 pair of gloves (worn)
 D - a +2 robe of the Archmagi (worn)
 E - a +0 cloak (worn)
 I - a +0 buckler (worn)
 N - a cursed -1 ring mail
 X - +0 swamp dragon scales
Magical Staves
 S - an uncursed staff of poison
Jewellery
 d - the amulet of Ytoyrph (around neck) {Faith Int+3 Dex+4 Slay+3}
   (You acquired it on level 3 of the Lair of Beasts)

   [amulet of faith]

   It allows you to gain divine favour quickly.
   It affects your intelligence (+3).
   It affects your dexterity (+4).
   It affects your accuracy and damage with ranged weapons and melee attacks
   (+3).
 h - an uncursed ring of see invisible
 n - a cursed ring of fire {unknown}
 t - an uncursed ring of protection from magic
 x - a ring of protection from fire (right hand)
 A - a +2 ring of protection {unknown}
 F - an uncursed amulet of guardian spirit {unknown}
 O - a +4 ring of intelligence (left hand)
Wands
 y - a wand of polymorph (8)
 J - a wand of iceblast (13)
 K - a wand of enslavement (9)
 R - a wand of flame (8)
 T - a wand of digging (9)
Scrolls
 i - 7 scrolls of remove curse
 k - 9 scrolls of magic mapping
 l - 7 scrolls of teleportation
 o - a scroll of amnesia
 p - a scroll of noise {unknown}
 v - 4 scrolls of immolation
 w - 5 scrolls of enchant armour
 H - a scroll of enchant weapon
 M - a scroll of blinking
 Q - a scroll of brand weapon {unknown}
Potions
 e - a potion of brilliance
 g - 10 potions of curing
 j - 3 potions of haste
 m - a potion of magic
 u - 2 potions of berserk rage
 L - 4 potions of might
 P - a potion of mutation {unknown}
 U - 2 potions of flight {unknown}
 W - a potion of invisibility {unknown}
 Y - 2 potions of cancellation
 Z - a potion of ambrosia {unknown}
Books
 z - a manual of Polearms
Comestibles
 f - 34 rations


   Skills:
 + Level 14.8 Fighting
 - Level 4.0 Dodging
 - Level 1.0 Stealth
 - Level 4.1 Shields
 - Level 10.0 Spellcasting
 - Level 5.0 Conjurations
 - Level 3.1 Necromancy
 - Level 3.0 Transmutations
 - Level 3.1 Air Magic
 - Level 10.0 Earth Magic
 - Level 3.0 Poison Magic
 + Level 7.4 Invocations
 - Level 2.0 Evocations


You had 10 spell levels left.
You knew the following spells:

 Your Spells              Type           Power        Failure   Level  Hunger
a - Sandblast             Erth           ######       1%          1    None
b - Stone Arrow           Conj/Erth      ######       1%          3    None
c - Animate Skeleton      Necr           N/A          1%          1    None
d - Passwall              Tmut/Erth      ######..     1%          2    None
e - Poisonous Vapours     Pois/Air       #####.       2%          2    None
f - Lee's Rapid Deconstr  Erth           ######....   2%          5    ####...
g - Mephitic Cloud        Conj/Pois/Air  #####...     3%          3    None
h - Petrify               Tmut/Erth      ######..     3%          4    #......
i - Blink                 Tloc           N/A          9%          2    None

Your spell library contained the following spells:

 Spells                   Type           Power        Failure   Level  Hunger
 Foxfire                  Conj/Fire      ####         1%          1    None
 Sting                    Tmut/Pois      ####         1%          1    None
 Corpse Rot               Necr/Air       N/A          2%          2    None
 Sublimation of Blood     Necr           #####.....   2%          2    None
 Apportation              Tloc           ###...       5%          1    None
 Corona                   Hex            ###....      5%          1    None
 Summon Small Mammal      Summ           ###.         5%          1    None
 Ignite Poison            Fire/Tmut/Pois ####....     8%          3    None
 Olgreb's Toxic Radiance  Pois           #####...     16%         4    #......
 Confusing Touch          Hex            ###.....     17%         3    None
 Gell's Gravitas          Tloc           ###.......   17%         3    None
 Hailstorm                Conj/Ice       ####....     21%         4    #......
 Cause Fear               Hex            ###.......   50%         4    #......
 Silence                  Hex/Air        ####......   63%         5    ####...
 Yara's Violent Unravell  Hex/Tmut       ####......   63%         5    ####...
 Metabolic Englaciation   Hex/Ice        ###.......   83%         5    ####...
 Deflect Missiles         Chrm/Air       ####......   99%         6    ######.
 Spellforged Servitor     Conj/Summ      ####......   100%        7    #######
 Discord                  Hex            ###.......   100%        8    #######


Dungeon Overview and Level Annotations

Branches:
Dungeon (10/15)            Temple (1/1) D:7            Lair (6/6) D:8
  Swamp (0/4) Lair:3       Spider (0/4) Lair:2        Slime (0/5) Lair:5
  IceCv (visited)
    Orc: D:9-12

Altars:
Ashenzari
Dithmenos
Elyvilon
Fedhas
Gozag
Hepliaklqana
Kikubaaqudgha
Makhleb
Nemelex Xobeh
Okawaru
Qazlal
Ru
Sif Muna
Trog
Uskayaw
Vehumet
Wu Jian
Xom
Yredelemnul
Zin
The Shining One

Annotations:
D:8 1 runed translucent door, Howlingfantods's ghost, novice MiFi
D:10 exclusion: orc sorcerer


Message History

Unknown command.
Okay, then.
The efreet gestures at you.
The fireball explodes!
The fireball engulfs you! You resist.
* * * LOW HITPOINT WARNING * * *
You hear an angry hiss.
Items here: %% ( )) [ รทรท
Okay, then.
Evoke which item? (* to show all) (? for menu, Esc to quit)
Aiming: Enslavement
Press: ? - help, Shift-Dir - straight line, f/p - efreet
Aim: an efreet, wielding a +0 scimitar of flaming (severely wounded, very poisoned, chance to defeat MR: 51%)
The efreet resists with significant effort.
The efreet gestures at you. The bolt of fire hits you! You resist.
* * * LOW HITPOINT WARNING * * *
You feel better. The efreet gestures at you. The bolt of fire hits you!
You resist.
You die...

#.###############.
#............#....
#(##########.#.##. #(#
#.#.##.
#(##########.#.##.
#(#..........#.##.
#.#..........#.#..
#)#..........#.#..
#@#.........<#.#..
#)###....#####.#..
......R)).+.............
###.#.#.###.............
#.#.# ####.#.###.#.. #
#.# #.#........ #.#
#.#######.# #.#
#.#.#####.# #.#
#.#.......#


You could see an efreet.

Vanquished Creatures
  Harold (D:8)
  3 hydras
  A merfolk avatar (Lair:6)
  2 catoblepae
  2 two-headed ogres
  Pikel (D:4)
  A harpy (Lair:6)
  2 lindwurms
  A manticore (Lair:6)
  5 elephants (Lair:6)
  2 ice statues (IceCv)
  2 black mambas
  A torpor snail (Lair:6)
  12 spiny frogs
  5 rime drakes
  7 komodo dragons
  A meliai (D:10)
  4 jumping spiders (Lair:2)
  3 wind drakes (Lair:6)
  3 polar bears
  21 blink frogs
  A hornet (Lair:6)
  Prince Ribbit (Lair:1)
  7 dream sheep (Lair:6)
  6 hippogriffs
  2 wyverns
  5 redbacks (Lair:2)
  24 yaks
  A hungry ghost (D:8)
  6 porcupines
  12 water moccasins
  4 orc warriors
  A slave (D:4)
  3 black bears
  15 ice beasts
  A necrophage (D:8)
  6 ogres
  2 phantoms
  9 wolves
  4 centaurs
  15 crocodiles
  A big kobold (D:10)
  Blork the orc (D:5)
  7 bullfrogs
  2 wyvern zombies
  2 scorpions
  3 killer bees (D:9)
  11 wights
  A howler monkey (D:4)
  2 electric eels
  3 crimson imps
  A bullfrog zombie (D:9)
  6 hounds
  2 jellies
  6 orc priests
  4 centaur skeletons
  3 bullfrog skeletons
  Natasha (thrice) (D:3)
  2 iguanas
  4 orc wizards
  5 hell rats
  2 worker ants
  A hound skeleton (D:4)
  Robin (D:2)
  7 gnolls
  A worker ant zombie (D:6)
  19 adders
  A shadow imp (D:9)
  An adder zombie (D:8)
  An adder skeleton (D:4)
  2 dart slugs
  6 worms
  3 leopard geckos
  21 orcs
  2 ball pythons (D:2)
  3 giant cockroaches
  15 goblins
  4 hobgoblins (D:2)
  7 jackals
  13 kobolds
  4 quokkas
  6 bats
  5 frilled lizards
  9 rats
408 creatures vanquished.

Vanquished Creatures (collateral kills)
  A polar bear (Lair:2)
  2 orc wizards (D:8)
  2 orcs (D:8)
  A jackal skeleton (D:7)
  A fungus (Lair:2)
7 creatures vanquished.

Vanquished Creatures (others)
  A slave (D:5)
  A wight (D:5)
  A howler monkey (D:5)
  A jelly (D:5)
  A centaur skeleton (D:5)
  A hound (D:5)
  2 jackals (D:5)
  10 fungi
  11 plants
29 creatures vanquished.

Grand Total: 444 creatures vanquished

Notes
Turn   | Place    | Note
-------+----------+-------------------------------------------
     0 | D:1      | Gizmo the Human Wanderer began the quest for the Orb.
     0 | D:1      | Gizmo set off with the following items: a +0 spear, a +0
                  | robe, a ration; and the following spell memorised:
                  | Sandblast; and the following spells available to memorise:
                  | Passwall, Sublimation of Blood, Corpse Rot, Stone Arrow,
                  | Petrify, Lee's Rapid Deconstruction
     0 | D:1      | Reached XP level 1. HP: 16/16 MP: 2/2
   130 | D:1      | Reached XP level 2. HP: 17/22 MP: 3/3
   443 | D:1      | Reached skill level 1 in Earth Magic
   845 | D:2      | Reached XP level 3. HP: 18/28 MP: 0/5
  1085 | D:2      | Noticed Robin
  1087 | D:2      | Reached XP level 4. HP: 25/34 MP: 5/7
  1103 | D:2      | Killed Robin
  1411 | D:2      | Reached skill level 3 in Fighting
  1742 | D:3      | Noticed Natasha
  1749 | D:3      | Killed Natasha
  1749 | D:3      | Reached XP level 5. HP: 18/41 MP: 4/8
  2084 | D:3      | Noticed Natasha
  2095 | D:3      | Killed Natasha
  2255 | D:3      | Noticed Natasha
  2693 | D:3      | Reached XP level 6. HP: 48/48 MP: 7/10
  2768 | D:3      | Learned a level 3 spell: Stone Arrow
  3304 | D:3      | Killed Natasha
  3416 | D:4      | Reached skill level 4 in Fighting
  3416 | D:4      | Reached skill level 1 in Conjurations
  3545 | D:4      | Noticed an ogre
  3554 | D:4      | Killed an ogre
  3554 | D:4      | Reached XP level 7. HP: 54/54 MP: 4/12
  4599 | D:4      | Reached skill level 5 in Fighting
  4599 | D:4      | Reached XP level 8. HP: 31/62 MP: 7/14
  5134 | D:5      | Entered Level 5 of the Dungeon
  6072 | D:5      | Noticed Blork the orc
  6293 | D:5      | Killed Blork the orc
  6408 | D:5      | Noticed Pikel
  6472 | D:4      | Killed Pikel
  6472 | D:4      | Reached skill level 5 in Spellcasting
  6472 | D:4      | Reached XP level 9. HP: 26/68 MP: 9/17
  6876 | D:5      | Found a burning altar of Makhleb.
  7012 | D:5      | Reached skill level 5 in Conjurations
  7047 | D:5      | Found a basalt altar of Yredelemnul.
  7265 | D:5      | Reached skill level 1 in Dodging
  7265 | D:5      | Reached skill level 5 in Earth Magic
  7270 | D:5      | Learned a level 1 spell: Animate Skeleton
  7578 | D:6      | Learned a level 2 spell: Passwall
  8011 | D:6      | Reached skill level 1 in Shields
  8170 | D:7      | Found a glowing golden altar of the Shining One.
  8630 | D:7      | Found a staircase to the Ecumenical Temple.
  8663 | Temple   | Entered the Ecumenical Temple
  8863 | Temple   | Became a worshipper of Sif Muna the Loreminder
 10085 | D:8      | Reached XP level 10. HP: 59/76 MP: 18/18
 10091 | D:8      | Reached skill level 6 in Fighting
 10330 | D:8      | Found a stormy altar of Qazlal.
 10331 | D:8      | Found a sparkling altar of Nemelex Xobeh.
 10335 | D:8      | Found a runed translucent door.
 10414 | D:8      | Found a shimmering altar of Xom.
 10414 | D:8      | Noticed Howlingfantods's ghost (novice MiFi)
 10414 | D:8      | Noticed a +2 dagger of chaos
 10450 | D:8      | Noticed Harold
 10539 | D:8      | Reached skill level 7 in Fighting
 10875 | D:8      | Reached skill level 8 in Fighting
 11187 | D:8      | Found a staircase to the Lair.
 11205 | D:8      | Found a shattered altar of Ashenzari.
 11686 | D:8      | Killed Harold
 11686 | D:8      | Reached skill level 9 in Fighting
 12711 | D:8      | Reached * piety under Sif Muna
 12853 | D:9      | Reached skill level 10 in Fighting
 12978 | D:9      | Noticed a two-headed ogre
 13004 | D:9      | Killed a two-headed ogre
 13004 | D:9      | Reached XP level 11. HP: 90/90 MP: 9/19
 13407 | D:9      | Found a white marble altar of Elyvilon.
 13924 | Lair:1   | Entered Level 1 of the Lair of Beasts
 14467 | Lair:1   | Noticed Prince Ribbit
 14482 | Lair:1   | Killed Prince Ribbit
 15395 | Lair:2   | Reached skill level 10 in Earth Magic
 15843 | Lair:2   | Noticed a lindwurm
 15893 | Lair:2   | Killed a lindwurm
 16081 | Lair:2   | Found a hole to the Spider Nest.
 16094 | Lair:2   | Reached ** piety under Sif Muna
 16213 | Lair:1   | Learned a level 2 spell: Poisonous Vapours
 16227 | Lair:2   | Reached XP level 12. HP: 97/97 MP: 6/22
 17750 | Lair:3   | Found a staircase to the Swamp.
 17856 | Lair:3   | Reached skill level 1 in Poison Magic
 18167 | Lair:3   | Found a frozen archway.
 18228 | IceCv    | Entered an ice cave
 19082 | IceCv    | Learned a level 5 spell: Lee's Rapid Deconstruction
 19841 | IceCv    | Reached skill level 10 in Spellcasting
 19951 | IceCv    | Noticed an ice dragon
 19957 | IceCv    | Learned a level 3 spell: Mephitic Cloud
 19958 | IceCv    | Noticed an ice dragon
 20177 | Lair:3   | Reached skill level 1 in Air Magic
 20683 | Lair:3   | Noticed a catoblepas
 20696 | Lair:3   | Killed a catoblepas
 21292 | Lair:3   | Reached XP level 13. HP: 96/104 MP: 21/27
 21310 | Lair:3   | Reached skill level 11 in Fighting
 22028 | Lair:3   | Identified a scroll of acquirement
 22028 | Lair:3   | Identified the amulet of Ytoyrph {Faith Int+3 Dex+4 Slay+3}
                  | (You acquired it on level 3 of the Lair of Beasts)
 22028 | Lair:3   | Identified the +0 pair of boots of Vanity {Str+3} (You
                  | acquired it on level 3 of the Lair of Beasts)
 22235 | Lair:4   | Reached *** piety under Sif Muna
 22487 | Lair:4   | Reached skill level 12 in Fighting
 23370 | Lair:5   | Noticed a catoblepas
 23414 | Lair:5   | Killed a catoblepas
 23657 | Lair:5   | Reached skill level 13 in Fighting
 24022 | Lair:5   | Noticed a seven-headed hydra
 24049 | Lair:5   | Found a staircase to the Slime Pits.
 24153 | Lair:4   | Learned a level 4 spell: Petrify
 24532 | Lair:5   | Killed a seven-headed hydra
 24867 | Lair:6   | Entered Level 6 of the Lair of Beasts
 25238 | Lair:6   | Reached **** piety under Sif Muna
 25506 | Lair:6   | Reached skill level 1 in Invocations
 25662 | Lair:6   | Noticed a four-headed hydra
 25676 | Lair:6   | Killed a four-headed hydra
 26349 | Lair:6   | Reached skill level 14 in Fighting
 26412 | Lair:6   | Reached XP level 14. HP: 94/120 MP: 18/28
 26807 | Lair:6   | Reached skill level 5 in Invocations
 28103 | Lair:6   | Got a twisted quarterstaff
 28812 | D:10     | Entered Level 10 of the Dungeon
 29141 | D:10     | Reached ***** piety under Sif Muna
 29158 | D:10     | Identified Sif Muna's Collected Works on Displaced
                  | Confrontation (Sif Muna gifted it to you on level 10 of the
                  | Dungeon)
 29158 | D:10     | Received a gift from Sif Muna
 29388 | D:9      | Learned a level 2 spell: Blink
 29520 | D:10     | HP: 2/121 [efreet/bolt of fire (14)]
 29521 | D:10     | Killed from afar by an efreet

Levels and vault maps discovered:
D:1:      erik_arrival_blinker_ship, layout_basic
D:2:      layout_rooms, first_ration, minmay_indecisive_spiral, uniq_robin
D:3:      kb_forest_paths, layout_basic, skrybe_limestone_x, uniq_natasha
D:4:      minmay_polygon_palace, layout_basic, nicolae_overflow_hidden_temple,
          minmay_manual_mullet
D:5:      layout_loops_ring, yredelemnul_altar_generic,
          lemuel_coloured_pillars_altar, uniq_blork_the_orc, uniq_pikel
D:6:      layout_basic
D:7:      layout_loops_ring, minmay_temple_entry_mist, grunt_ogre_cave,
          tso_metal_star
D:8:      layout_layer_cave, cheibrodos_ashenzari_chains,
          chequers_temple_overflow_statue_of_worship,
          grunt_lair_entry_orc_guard_hut, ebering_ghost_xom, st_stairs_9,
          uniq_harold
D:9:      cheibrodos_iron_armory, layout_irregular_city, marbit_many_paths
D:10:     minmay_the_grid_3x2 [minmay_the_grid_zigzag_pyramid,
          minmay_the_grid_tri_star, minmay_the_grid_broken_lines,
          minmay_the_grid_eight, minmay_the_grid_slots,
          minmay_the_grid_prize_four_corners_diamond_b], layout_basic,
          minmay_st_funbox
Temple:   regret_index_temple_waves
Lair:1:   layout_chaotic_city, uniq_prince_ribbit2
Lair:2:   layout_layer_cave, nicolae_spider_entry_tight_spaces,
          cheibrodos_lair_lostbears
Lair:3:   layout_hall_layers, swamp_mist_pool, portal_ice_cave_rime,
          chequers_serial_rivers_micro_d, serial_bayou_shore_b
Lair:4:   statuecave_lemuel, layout_layer_cave
Lair:5:   layout_big_grid, slime_dummy, lemuel_fruit_tree
Lair:6:   gammafunk_lair_ancient_temple, layout_regular_city

Skill      XL: |  1  2  3  4  5  6  7  8  9 10 11 12 13 14 |
---------------+-------------------------------------------+-----
Earth Magic    | 1 2 3 4 5 6 10 | 10.0
Spellcasting   | 2 3 4 5 7 10 | 10.0
Fighting       | 3 4 5 10 14 | 14.8
Conjurations   | 1 3 4 5 |  5.0
Dodging        | 4 |  4.0
Necromancy     | 3 |  3.1
Shields        | 4 |  4.1
Poison Magic   | 3 |  3.0
Air Magic      | 3 |  3.1
Invocations    | 4 7 |  7.4
Stealth        | |  1.0
Transmutations | |  3.0
Evocations     | |  2.0

Action                   |  1- 3 |  4- 6 |  7- 9 | 10-12 | 13-15 || total
-------------------------+-------+-------+-------+-------+-------++-------
Melee: Spear             |    32 |       |       |     9 |       ||    41
       Whip              |    56 |   133 |    57 |       |       ||   246
       Dagger            |       |       |   165 |   183 |   155 ||   503
 Cast: Sandblast         |     5 |    19 |    31 |    12 |     3 ||    70
       Stone Arrow       |       |       |    72 |   273 |   239 ||   584
       Animate Skeleton  |       |       |     4 |     5 |       ||     9
       Passwall          |       |       |     1 |     1 |       ||     2
       Poisonous Vapours |       |       |       |    25 |     7 ||    32
       Lee's Rapid Decon |       |       |       |    15 |    28 ||    43
       Mephitic Cloud    |       |       |       |     1 |     4 ||     5
       Petrify           |       |       |       |       |     9 ||     9
Evoke: Wand              |       |       |       |     2 |    10 ||    12
  Use: Scroll            |       |     3 |     4 |     8 |     7 ||    22
       Potion            |       |       |       |     2 |     4 ||     6
 Stab: Sleeping          |     2 |     2 |     5 |     3 |       ||    12
       Distracted        |       |     2 |       |     1 |       ||     3
       Petrifying        |       |       |       |     1 |       ||     1
       Confused          |       |       |       |       |     3 ||     3
       Petrified         |       |       |       |       |     3 ||     3
  Eat: Chunk             |     1 |    16 |    30 |    39 |    17 ||   103
       Ration            |       |       |       |     2 |     2 ||     4
Armor: Robe              |    22 |     1 |    29 |    63 |    74 ||   189
       Animal skin       |       |    37 |    38 |       |       ||    75
Dodge: Dodged            |    34 |    90 |   191 |   201 |   162 ||   678
Block: Buckler           |       |       |     6 |    78 |    51 ||   135

Table legend:
 A = Non-vault XP
 B = Vault XP
 C = Vault XP percentage of total XP
 D = Non-vault monster count
 E = Vault monster count
 F = Vault count percentage of total count
                 A         B        C        D         E       F
            +---------+---------+-------+---------+---------+-------
      Total |   36723 |   22090 |  37.6 |     301 |     112 |  27.1
            +---------+---------+-------+---------+---------+-------
        D:1 |      22 |       0 |   0.0 |      14 |       0 |   0.0
        D:2 |      44 |      46 |  51.1 |      10 |      15 |  60.0
        D:3 |     244 |      50 |  17.0 |      26 |       7 |  21.2
        D:4 |     531 |    1004 |  65.4 |      24 |      11 |  31.4
        D:5 |     234 |      96 |  29.1 |      11 |       1 |   8.3
        D:6 |     737 |       0 |   0.0 |      12 |       0 |   0.0
        D:7 |     223 |     118 |  34.6 |      10 |       1 |   9.1
        D:8 |    1453 |    1679 |  53.6 |      23 |       8 |  25.8
        D:9 |    2107 |       0 |   0.0 |      25 |       0 |   0.0
       D:10 |    1400 |    1619 |  53.6 |      25 |       7 |  21.9
     Lair:1 |    2033 |    1043 |  33.9 |      10 |       4 |  28.6
     Lair:2 |    4572 |    3055 |  40.1 |      23 |      12 |  34.3
     Lair:3 |    4691 |     736 |  13.6 |      19 |       2 |   9.5
     Lair:4 |    6290 |       0 |   0.0 |      29 |       0 |   0.0
     Lair:5 |    3683 |       0 |   0.0 |      11 |       0 |   0.0
     Lair:6 |    8459 |    9167 |  52.0 |      29 |      26 |  47.3
      IceCv |       0 |    3477 | 100.0 |       0 |      18 | 100.0
            +---------+---------+-------+---------+---------+-------
